AoeStats
← 17_Neo_

Arabia

507455238Analyzed
1v1 RM · 14d ago on Sep 18, 2026· 39m 50s· 2 players
Game mode
Random Map
Map size
Tiny (2 player)
Population
200
Speed
Normal
Resources
Standard
Victory
Conquest
Starting age
Dark Age
Ending age
Imperial Age
RankedLock teamsTeams togetherTeam positionsShared explorationLock speedFull tech treeHidden civsTurbo modeCheats
Victory
Defeat
🇮🇳 Byzantines · India
1712
+15
🇨🇴 Maya · Colombia
1690
-15
17_Neo_
0:27 Loom
13:04 Feudal Age
14:06 Double-Bit Axe
14:07 Horse Collar
16:53 Fletching
20:51 Castle Age
19:24 Scale Mail Armor
19:24 Gold Mining
21:23 Forging
20:58 Eagle Warrior
21:39 Squires
22:48 Chain Mail Armor
24:39 Bodkin Arrow
25:57 Padded Archer Armor
31:28 Town Watch
34:17 Pikeman
A-V (JustOnePixeL)
7:11 Loom
9:36 Feudal Age
9:44 Man-at-Arms
11:33 Double-Bit Axe
19:47 Castle Age
17:36 Horse Collar
18:05 Gold Mining
18:13 Fletching
18:54 Padded Archer Armor
21:51 Bow Saw
21:40 Bodkin Arrow
23:37 Leather Archer Armor
22:55 Elite Skirmisher
32:29 Scale Barding Armor
32:35 Forging
33:29 Wheelbarrow
33:47 Husbandry
40:04 Imperial Age
38:35 Chain Barding Armor
39:07 Hand Cart
39:32 Gold Shaft Mining
Connection lost

Rejoining the realm…

Still unreachable

The connection could not be restored.

Session expired

The server has moved on; the page needs a fresh start.